 Dungeon Crawl Stone Soup version 0.17-a0-1663-gb806841 (webtiles) character file.

13596 Edric the Basher (level 11, -7/153 HPs)
             Began as a Minotaur Berserker on Aug 15, 2015.
             Was a High Priest of Trog.
             Mangled by Maud
             ... wielding a +4 glaive of venom
              (20 damage)
             ... on level 1 of the Orcish Mines on Aug 17, 2015.
             The game lasted 01:34:39 (12285 turns).

Edric the Basher (Minotaur Berserker)              Turns: 12285, Time: 01:34:39

Health: -7/153     AC: 19    Str: 33    XL:     11   Next: 77%
Magic:  0/10       EV: 11    Int:  4    God:    Trog [*****.]
Gold:   666        SH:  0    Dex: 10    Spells: 0 memorised, 10 levels left

rFire  . . .     SeeInvis .     y - +1 dire flail (crush)
rCold  . . .     Clarity  .     Q - +1 plate armour {rN+}
rNeg   + . .     SustAt   .     (no shield)
rPois  .         Gourm    .     (helmet restricted)
rElec  .         Spirit   +     r - +0 cloak
rCorr  .         Warding  .     B - +0 pair of gloves
rMut   .         Stasis   .     (no boots)
MR     .....                    f - amulet of guardian spirit
Stlth  ..........               (no ring)
                                Y - +3 ring of strength

@: berserking, lethally poisoned (-7 -> -27), slowed, not resistant to hostile
enchantments, extremely unstealthy
A: retaliatory headbutt, horns 2, spit poison 1
a: Spit Poison, Burn Spellbooks, Berserk, Trog's Hand, Brothers in Arms,
Renounce Religion


You were on level 1 of the Orcish Mines.
You worshipped Trog.
Trog was extremely pleased with you.
You were not hungry.

You visited 2 branches of the dungeon, and saw 13 of its levels.

You collected 999 gold pieces.
You spent 333 gold pieces at shops.

Inventory:

Hand weapons
 d - a +1 triple crossbow of freezing
 e - a cursed +2 battleaxe
 j - a +1 dagger of venom
 s - a +1 hand axe of holy wrath (quivered)
 y - a +1 dire flail of crushing (weapon)
 I - a cursed +3 dire flail
 O - a +2 hand axe
 P - a +0 vampiric dagger
 T - a +1 trident of piercing
 U - a +3 antimagic great mace
 V - a +2 short sword of electrocution
Armour
 r - a +0 cloak (worn)
 t - a +0 buckler
 B - a +0 pair of gloves (worn)
 Q - a +1 plate armour of positive energy (worn)
Jewellery
 f - an amulet of guardian spirit (around neck)
 E - an uncursed amulet of resist corrosion
 Y - a +3 ring of strength (left hand)
Magical devices
 a - a wand of flame (25)
 D - a wand of disintegration (16)
 H - a wand of confusion (14)
 L - a wand of cold (5)
 M - a wand of confusion (34)
 R - a wand of fire (11)
 S - a wand of digging (14)
Scrolls
 b - a scroll of holy word {unknown}
 g - 6 scrolls of teleportation
 h - 2 scrolls of enchant armour
 k - 2 scrolls of identify
 l - a scroll of random uselessness {unknown}
 n - a scroll of enchant weapon
 o - 2 scrolls of fog
 p - 4 scrolls of fear
 v - 3 scrolls of remove curse
 w - 4 scrolls of magic mapping
 F - a scroll of silence {unknown}
 K - 2 scrolls of blinking {unknown}
Potions
 i - a potion of agility
 u - a potion of haste
 z - 3 potions of mutation
 A - a potion of invisibility
 G - 2 potions of brilliance {unknown}
 J - a potion of flight
Books
 X - a book of Air

   Spells                             Type                      Level
   a - Shock                          Conjuration/Air              1
   b - Swiftness                      Charms/Air                   2
   c - Repel Missiles                 Charms/Air                   2
   d - Static Discharge               Conjuration/Air              3
   e - Lightning Bolt                 Conjuration/Air              5
   Trog disapproves of the use of such an item.
Comestibles
 c - 9 bread rations
 m - 3 fruits
 q - 3 meat rations
 x - a royal jelly
 C - 8 beef jerkies
 Z - 3 chunks of flesh


   Skills:
 + Level 11.5 Fighting
 + Level 4.6(9.2) Axes
 + Level 12.1(12.4) Maces & Flails
 + Level 0.8 Throwing
 + Level 12.1 Armour
 + Level 6.8 Dodging
 + Level 1.4 Stealth
 + Level 5.7 Shields


You had 10 spell levels left.
You didn't know any spells.

Dungeon Overview and Level Annotations

Branches:
Dungeon (11/15)            Temple (0/1) D:5            Lair (0/8) D:11
    Orc (2/4) D:11

Altars:
Gozag
Trog

Shops:
D:5 !(%   D:11 (   Orc:1 *

Annotations:
D:1 exclusion: downstairs
D:8 Maurice
Orc:1 Maud


Innate Abilities, Weirdness & Mutations

You reflexively headbutt those who attack you in melee.
You have a pair of horns on your head.
You can spit weak poison.


Message History

Maud barely misses you.
Unknown command.
Your plate armour prevents you from hitting Maud.
Your headbutt misses Maud.
Maud is lightly wounded.
You feel sick.
You puncture Maud! You headbutt Maud!
Maud is moderately wounded.
You feel sick. Maud hits you with a glaive of venom!
* * * LOW HITPOINT WARNING * * *
You are lethally poisoned!
You hit Maud but do no damage.
Maud is moderately wounded.
* * * LOW HITPOINT WARNING * * *
You feel sick.
You barely miss Maud.
Maud is moderately wounded.
* * * LOW HITPOINT WARNING * * *
You feel sick. Maud hits you with a glaive of venom!!
You die...

#.....### #####......##### ###
##.#.#.......##.##
##.###...........##...#
#....##.........##.#..##
##............#........###
##.#.....<..........#.##.##
####...................###...####
#.###...........@@.#....#...###.#
...#............>.#....##...#....
.......................#...#.....
...##.#...............(((..#.....
.#####.....#.....................
## ##...).............)........
###................#.###...
##.................####...
####..................# #...#


You could see Maud.

Vanquished Creatures
  A centaur warrior (Orc:1)
  Harold (Orc:1)
  An ogre mage (Orc:1)
  An orc knight (D:11)
  A manticore (D:11)
  An orc sorcerer (D:11)
  An ugly thing (D:11)
  2 trolls
  A two-headed ogre (D:9)
  Sigmund (D:6)
  A shadow (D:11)
  A deep elf mage (D:9)
  4 hippogriffs
  6 yaks (D:11)
  3 hungry ghosts (D:11)
  3 ice beasts
  3 sky beasts
  6 orc warriors
  7 ogres
  3 necrophages
  A wasp (D:9)
  4 black bears
  11 centaurs
  A big kobold (D:7)
  4 giant frogs
  A troll zombie (D:11)
  5 scorpions
  9 killer bees
  19 wights
  7 crimson imps
  2 giant frog skeletons
  6 hounds
  An iguana (D:7)
  2 giant frog zombies
  3 jellies
  11 orc wizards
  4 orc priests
  2 centaur skeletons
  2 centaur zombies
  2 quasits
  10 worker ants
  7 ogre zombies (D:11)
  A hound skeleton (D:7)
  2 worker ant zombies
  9 adders
  4 gnolls (D:7)
  2 shadow imps
  2 oozes
  An adder zombie (D:5)
  2 worms
  3 giant geckos
  52 orcs
  6 bats
  3 giant cockroaches
  5 goblins
  7 hobgoblins
  12 jackals
  2 ball pythons
  4 giant newts
  A hobgoblin skeleton (D:11)
  6 hobgoblin zombies (D:11)
  11 kobolds
  An orc skeleton (D:11)
  17 orc zombies (D:11)
  2 quokkas
  6 rats
323 creatures vanquished.

Notes
Turn   | Place    | Note
--------------------------------------------------------------
     0 | D:1      | Edric the Minotaur Berserker began the quest for the Orb.
     0 | D:1      | Reached XP level 1. HP: 19/19 MP: 0/0
   137 | D:1      | Reached skill level 4 in Fighting
   137 | D:1      | Reached XP level 2. HP: 20/27 MP: 1/1
   597 | D:1      | Acquired Trog's second power
   971 | D:1      | Reached XP level 3. HP: 33/33 MP: 2/2
  2261 | D:3      | Reached XP level 4. HP: 41/41 MP: 3/3
  2857 | D:4      | Reached XP level 5. HP: 42/47 MP: 4/4
  2871 | D:4      | Upgraded the game from 0.17-a0-1651-gae1a69f to 0.17-a0-1663-gb806841
  2955 | D:4      | Reached skill level 1 in Maces & Flails
  3039 | D:4      | Reached skill level 5 in Fighting
  3121 | D:4      | Reached XP level 6. HP: 56/56 MP: 5/5
  3392 | D:4      | Reached skill level 5 in Armour
  3470 | D:5      | Entered Level 5 of the Dungeon
  3483 | D:5      | Reached skill level 1 in Shields
  3661 | D:5      | Reached XP level 7. HP: 52/62 MP: 6/6
  3773 | D:5      | Found Uteyth's Food Shop.
  3789 | D:5      | Bought a bread ration for 65 gold pieces
  3789 | D:5      | Bought a beef jerky for 19 gold pieces
  3789 | D:5      | Bought a bread ration for 65 gold pieces
  3824 | D:5      | Found Plog's Distillery.
  3830 | D:5      | Bought a potion of poison for 14 gold pieces
  3830 | D:5      | Bought a potion of mutation for 35 gold pieces
  3870 | D:5      | Reached skill level 6 in Armour
  4150 | D:5      | Found a staircase to the Ecumenical Temple.
  4237 | D:5      | Found Riehelli's Weapon Emporium.
  4924 | D:6      | Reached skill level 7 in Armour
  4953 | D:6      | Noticed Sigmund
  4967 | D:6      | Killed Sigmund
  4967 | D:6      | Acquired Trog's third power
  4967 | D:6      | Reached XP level 8. HP: 70/70 MP: 7/7
  5100 | D:6      | Reached skill level 5 in Maces & Flails
  5297 | D:6      | Reached skill level 8 in Armour
  5389 | D:6      | Gained mutation: You can spit weak poison. [potion of beneficial mutation]
  5704 | D:7      | Reached skill level 9 in Armour
  5720 | D:7      | Reached XP level 9. HP: 68/78 MP: 8/8
  6192 | D:7      | Received a gift from Trog
  6280 | D:8      | Found a bloodstained altar of Trog.
  6312 | D:8      | Found an opulent altar of Gozag.
  6416 | D:8      | Reached skill level 5 in Shields
  6942 | D:8      | Noticed Maurice
  7235 | D:9      | Got a fine scale mail
  7236 | D:9      | Identified the +5 scale mail "Welenimo" {MP+9} (You found it on level 9 of the Dungeon)
  7366 | D:9      | Reached skill level 10 in Armour
  7436 | D:9      | Reached skill level 5 in Dodging
  7513 | D:9      | Reached XP level 10. HP: 85/89 MP: 9/9
  8464 | D:9      | Reached skill level 1 in Stealth
  8869 | D:10     | Entered Level 10 of the Dungeon
  9413 | D:11     | Reached skill level 10 in Maces & Flails
  9458 | D:11     | Found a staircase to the Orcish Mines.
  9489 | D:11     | Reached skill level 10 in Fighting
  9540 | D:11     | Noticed a cyan ugly thing
  9549 | D:11     | Killed a cyan ugly thing
  9549 | D:11     | Reached skill level 11 in Armour
  9744 | D:11     | Reached XP level 11. HP: 54/101 MP: 10/10
 10068 | D:11     | Noticed an orc knight
 10082 | D:11     | Killed an orc knight
 10101 | D:11     | Noticed an orc sorcerer
 10108 | D:11     | Killed an orc sorcerer
 10389 | D:11     | Noticed a manticore
 10407 | D:11     | Killed a manticore
 10737 | D:11     | Found a staircase to the Lair.
 10771 | D:11     | Received a gift from Trog
 10831 | D:11     | Found Siytwosiw's Antique Weapon Emporium.
 11333 | Orc:1    | Entered Level 1 of the Orcish Mines
 11442 | Orc:1    | Noticed a centaur warrior
 11457 | Orc:1    | Killed a centaur warrior
 11748 | Orc:1    | Found Giakhott's Assorted Antiques.
 11811 | Orc:1    | Noticed an ogre mage
 11819 | Orc:1    | Killed an ogre mage
 11892 | Orc:1    | Bought a copper ring for 135 gold pieces
 12021 | Orc:2    | Noticed Harold
 12048 | Orc:2    | Noticed Maud
 12059 | Orc:1    | Killed Harold
 12059 | Orc:1    | Reached skill level 12 in Maces & Flails
 12285 | Orc:1    | Mangled by Maud

Vault maps used:
D:1:      roderic_crop_circles_arrival_small
D:5:      kennysheep_big_flooded_room, minmay_temple_entry_statues, first_bread,
          serial_shops, nicolae_shop_stone, nicolae_shop_trees,
          nicolae_shop_trees, kennysheep_generic_room_10
D:6:      nicolae_sextant, st_stairs_11, uniq_sigmund
D:8:      old_standard_altar, bloody_trog, uniq_maurice
D:9:      grunt_ogre_cave
D:11:     lair_0_dummy, zombieorc2_lemuel, portal_ice_cave_entry_pillars_03,
          serial_shops, nicolae_shop_overgrown_old_shop
Orc:1:    serial_shops, shop, mines4_lemuel
Orc:2:    uniq_maud, uniq_harold, uniq_urug

Action                   |  1- 3 |  4- 6 |  7- 9 | 10-12 || total
-------------------------+-------+-------+-------+-------++-------
Melee: Hand axe          |    50 |       |       |       ||    50
       Mace              |    31 |   116 |   228 |       ||   375
       Dire flail        |       |       |    94 |   417 ||   511
Throw: Stone             |     2 |       |       |       ||     2
Invok: Burn Spellbooks   |       |     1 |     3 |       ||     4
       Berserk           |       |       |       |     3 ||     3
  Use: Scroll            |     6 |     6 |     3 |     1 ||    16
       Potion            |     3 |     3 |     2 |     3 ||    11
  Eat: Chunk             |     4 |     4 |     5 |     8 ||    21
       Beef jerky        |       |     1 |       |       ||     1
       Bread ration      |       |       |     2 |     3 ||     5
       Fruit             |       |       |     1 |       ||     1
